 Dungeon Crawl Stone Soup version 0.27.1-2-g3b301248ec (webtiles) character file.

Game seed: 1339696353461533986

8818 belegose the Covert (level 11, -3/66 HPs)
             Began as a Kobold Arcane Marksman on Oct 2, 2021.
             Was an Elder of Okawaru.
             Slain by a six-headed hydra (11 damage)
             ... on level 11 of the Dungeon.
             The game lasted 00:50:41 (19368 turns).

belegose the Covert (Kobold Arcane Marksman)       Turns: 19368, Time: 00:50:42

Health: -3/66      AC: 11    Str: 17    XL:     11   Next: 62%
Magic:  15/15      EV: 16    Int: 14    God:    Okawaru [****..]
Gold:   1515       SH:  0    Dex: 16    Spells: 11/12 levels left

rFire    + . .     SeeInvis .   H - +8 quarterstaff of Impeachment {venom, Str+6}
rCold    . . .     Faith    .   (shield currently unavailable)
rNeg     . . .     Spirit   .   y - +2 ring mail {rF+}
rPois    .         Reflect  +   A - +1 helmet
rElec    .         Harm     .   (no cloak)
rCorr    .         Rampage  .   (no gloves)
Will     .....                  I - +0 pair of boots
Stlth    ++........             u - amulet of reflection
HPRegen  0.21/turn              (no ring)
MPRegen  0.14/turn              (no ring)

@: confused, studying Armour
A: small, no large weapons, nightstalker 3
a: Renounce Religion, Heroism


You were on level 11 of the Dungeon.
You worshipped Okawaru.
Okawaru was greatly pleased with you.
You visited 2 branches of the dungeon, and saw 12 of its levels.
You also visited: Bailey.

You collected 1849 gold pieces.
You spent 334 gold pieces at shops.

Inventory:

Hand Weapons
 a - a +0 dagger of venom
 H - the +8 quarterstaff of Impeachment (weapon) {venom, Str+6}
   (You found it on level 9 of the Dungeon)

   It poisons the flesh of those it strikes.
   Str:       It affects your strength (+6).
 P - a +1 falchion of electrocution
Missiles
 c - 4 throwing nets
 j - 366 stones
 k - 103 bolts
 o - 24 poisoned darts
 r - 37 boomerangs (quivered)
Armour
 y - a +2 ring mail of fire resistance (worn)
 A - a +1 helmet (worn)
 C - a +0 buckler
 I - a +0 pair of boots (worn)
 O - a +0 kite shield
Magical Staves
 E - a staff of fire
Jewellery
 u - an amulet of reflection (around neck)
Wands
 b - a wand of polymorph (6)
 x - a wand of iceblast (5)
 F - a wand of flame (54)
 L - a wand of charming (6)
Scrolls
 d - 3 scrolls of teleportation
 e - 2 scrolls of fog
 f - a scroll of vulnerability {unknown}
 g - 2 scrolls of brand weapon {unknown}
 i - 2 scrolls of noise {unknown}
 m - 2 scrolls of acquirement {unknown}
 n - 2 scrolls of fear
 q - 2 scrolls of holy word
 w - a scroll of blinking
 z - a scroll of enchant weapon {unknown}
 B - a scroll of immolation {unknown}
 G - a scroll of enchant armour {unknown}
 K - 2 scrolls of identify
 M - a scroll of amnesia {unknown}
 N - a scroll of magic mapping {unknown}
Potions
 h - 6 potions of curing
 p - a potion of mutation
 s - 2 potions of ambrosia
 t - a potion of flight
 v - a potion of haste
 D - a potion of brilliance
 J - 2 potions of lignification


   Skills:
 - Level 6.7 Fighting
 - Level 7.6 Short Blades
 + Level 3.1 Staves
 + Level 8.4 Throwing
 - Level 4.7 Armour
 + Level 5.8 Dodging
 - Level 10.0 Stealth
 - Level 3.6 Shields
 - Level 1.1 Spellcasting
 - Level 3.0 Hexes
 + Level 6.6 Invocations
 + Level 4.4 Evocations


You had 11 spell levels left.
You knew the following spells:

 Your Spells              Type           Power      Damage    Failure   Level
a - Corona                Hex            10%        N/A       13%         1

Your spell library contained the following spells:

 Spells                   Type           Power      Damage    Failure   Level
 Slow                     Hex            9%         N/A       21%         2
 Confusing Touch          Hex            9%         N/A       36%         3
 Magic Dart               Conj           0%         1d3       41%         1
 Sandblast                Erth           0%         2d4       41%         1
 Blink                    Tloc           N/A        N/A       56%         2
 Call Imp                 Summ           0%         N/A       56%         2
 Passwall                 Tmut/Erth      0%         N/A       56%         2
 Inner Flame              Hex/Fire       4%         N/A       58%         3
 Portal Projectile        Hex/Tloc       8%         N/A       58%         3
 Cause Fear               Hex            4%         N/A       78%         4
 Lesser Beckoning         Tloc           0%         N/A       80%         3
 Mephitic Cloud           Conj/Pois/Air  0%         N/A       80%         3
 Vampiric Draining        Necr           0%         2d6       80%         3
 Lee's Rapid Deconstruct  Erth           0%         3d5*      100%        5
 Manifold Assault         Tloc           0%         N/A       100%        5
 Summon Forest            Summ/Tloc      0%         N/A       100%        5
 Summon Mana Viper        Hex/Summ       4%         N/A       100%        5
 Shadow Creatures         Summ           N/A        N/A       100%        6


Dungeon Overview and Level Annotations

Branches:
Dungeon (11/15)            Temple (1/1) D:4          Bailey (visited)
   Lair: D:8-11         Orc: D:9-12

Altars:
Ashenzari
Cheibriados
Dithmenos
Elyvilon
Fedhas
Gozag
Hepliaklqana
Kikubaaqudgha
Makhleb
Nemelex Xobeh
Okawaru
Qazlal
Ru
Sif Muna
Trog
Uskayaw
Vehumet
Wu Jian
Xom
Yredelemnul
Zin
The Shining One

Shops:
D:2 =   D:3 !   D:5 [   D:11 *

Annotations:
D:4 exclusion: white imp
D:10 3 runed translucent doors, exclusion: 3 doors, thromnambular's ghost, journeyman TeWn


Innate Abilities, Weirdness & Mutations

You are small and have problems with some larger weapons.
You are completely attuned to the shadows.


Message History

Unknown command.
Unknown command.
Aiming: Iceblast
Press: ? - help, Shift-Dir - straight line The mass of ice explodes!
The iceblast engulfs the vampire!
The vampire partially resists.
The vampire is severely damaged.
You hear a roar!
The vampire barely misses you. x2
Unknown command.
Unknown command.
You don't have any such object.
Evoke which item? (* to show all) (? for menu, Esc to quit)
Okay, then.
Unknown command.
Unknown command.
Aiming: Iceblast
Press: ? - help, Shift-Dir - straight line The mass of ice explodes!
The iceblast engulfs the vampire.
The vampire partially resists.
The vampire is almost destroyed.
The vampire draws life force from you!
The vampire is healed by the life force!
A six-headed hydra comes into view.
You hit the vampire.
The vampire is almost destroyed.
The vampire misses you. x2
You completely miss the vampire.
The vampire is almost destroyed.
The vampire points at you and mumbles some strange words.
You resist with some effort.
The vampire points at you and mumbles some strange words.
You are confused.
The vampire draws life force from you!!
* * * LOW HITPOINT WARNING * * *
The vampire is healed by the life force!
Unknown command.
The six-headed hydra bites you but does no damage. x2
The six-headed hydra barely misses you. The six-headed hydra bites you!
You die...

#......
........
#..#####
##.#.###
#....... #
#.# #
#.######
#.# # #.#
#.# #.# #.#
#.# #.###
##.#######.
#....
#....@V....
#####
#.>...D....
#.........#
#.........#
#.........#
######....


You could see a six-headed hydra and a vampire.

Vanquished Creatures
  3 two-headed ogres
  A cyclops (D:6)
  A komodo dragon (D:8)
  A troll (D:9)
  2 wyverns (D:10)
  A wraith (D:9)
  11 yaks
  3 water moccasins
  4 black bears
  An ice beast (D:8)
  2 sky beasts
  4 orc warriors
  5 ogres
  A phantom (D:3)
  A gnoll sergeant (D:10)
  3 kobold brigands
  A scorpion (D:6)
  A bullfrog (D:7)
  3 water moccasin skeletons
  12 wights
  2 electric eels
  2 howler monkeys (D:3)
  A hound (D:6)
  2 centaur zombies
  A centaur skeleton (D:5)
  4 gnoll shamans
  3 orc priests
  A scorpion zombie (D:5)
  A bullfrog skeleton (D:4)
  3 iguanas
  3 orc wizards
  34 gnolls
  3 howler monkey zombies
  7 adders
  2 river rats (D:8)
  A shadow imp (D:6)
  A white imp (D:6)
  2 ufetubi
  An adder skeleton (D:4)
  3 worms (D:2)
  A dart slug (D:5)
  29 orcs
  7 bats
  4 endoplasms
  3 giant cockroaches
  14 goblins
  8 hobgoblins
  12 jackals (D:3)
  18 kobolds
  5 quokkas
  7 ball pythons
  8 frilled lizards
  8 rats
262 creatures vanquished.

Vanquished Creatures (others)
  18 plants
18 creatures vanquished.

Grand Total: 280 creatures vanquished

Notes
Turn   | Place    | Note
-------+----------+-------------------------------------------
     0 | D:1      | belegose the Kobold Arcane Marksman began the quest for the
                  | Orb.
     0 | D:1      | Reached XP level 1. HP: 12/12 MP: 2/2
   121 | D:1      | Reached XP level 2. HP: 16/16 MP: 3/3
   260 | D:1      | Reached skill level 1 in Stealth
  1572 | D:2      | Reached XP level 3. HP: 16/21 MP: 4/4
  2060 | D:2      | Found Ompaph's Jewellery Shop.
  2169 | D:2      | You fall into a shaft and drop 1 floor!
  2285 | D:2      | Found a faded altar of an unknown god.
  2526 | D:2      | Reached skill level 2 in Stealth
  2834 | D:2      | Reached XP level 4. HP: 15/26 MP: 5/5
  3046 | D:3      | Found Maegaxuw's Distillery.
  3066 | D:3      | Bought a potion of mutation for 104 gold pieces
  3494 | D:3      | Reached XP level 5. HP: 31/31 MP: 6/6
  3671 | D:3      | Reached skill level 1 in Short Blades
  3671 | D:3      | Reached skill level 3 in Stealth
  4064 | D:3      | Reached skill level 1 in Armour
  4103 | D:3      | Reached XP level 6. HP: 11/36 MP: 7/7
  4908 | D:3      | Reached skill level 4 in Stealth
  5214 | D:3      | Reached XP level 7. HP: 39/41 MP: 8/8
  6998 | D:4      | Found a transporter.
  7014 | D:4      | Found a transporter.
  7330 | D:4      | Reached skill level 5 in Stealth
  7342 | D:4      | Reached XP level 8. HP: 43/48 MP: 9/9
  7632 | D:4      | Found a staircase to the Ecumenical Temple.
  7976 | Temple   | Entered the Ecumenical Temple
  8347 | Temple   | Became a worshipper of Warmaster Okawaru
  8396 | D:5      | Entered Level 5 of the Dungeon
  8551 | D:5      | Reached skill level 5 in Throwing
  8573 | D:5      | Reached skill level 1 in Invocations
  8792 | D:5      | Found Pegot's Antique Armour Shoppe.
  8941 | D:5      | Reached skill level 6 in Stealth
  8955 | D:5      | Reached skill level 5 in Short Blades
  9133 | D:5      | Bought a shiny helmet for 150 gold pieces
  9437 | D:5      | Reached * piety under Okawaru
  9569 | D:5      | Reached XP level 9. HP: 40/53 MP: 10/10
  9667 | D:5      | Reached skill level 5 in Fighting
 10032 | D:6      | Noticed a cyclops
 10040 | D:6      | You fall into a shaft and drop 3 floors!
 10293 | D:8      | Noticed a komodo dragon
 10296 | D:8      | Killed a komodo dragon
 10297 | D:8      | Reached skill level 1 in Shields
 10389 | D:8      | Reached skill level 7 in Stealth
 10767 | D:8      | Noticed a death yak
 10795 | D:8      | Noticed a death yak
 11085 | D:8      | Noticed a death yak
 11365 | D:7      | Found a flagged portal.
 11393 | Bailey   | Entered a bailey
 11470 | Bailey   | Found a bloodstained altar of Trog.
 11524 | Bailey   | Reached ** piety under Okawaru
 11985 | D:7      | Reached XP level 10. HP: 54/60 MP: 12/12
 12179 | D:7      | Reached skill level 8 in Stealth
 14682 | D:6      | Killed a cyclops
 14682 | D:6      | Reached *** piety under Okawaru
 15136 | D:4      | Reached skill level 5 in Invocations
 15770 | D:8      | Reached skill level 1 in Evocations
 15928 | D:9      | Noticed a two-headed ogre
 16096 | D:9      | Reached skill level 9 in Stealth
 16420 | D:9      | Identified the +8 quarterstaff of Impeachment {venom,
                  | Str+6}
 16425 | D:9      | Identified the +1 leather armour of Xuovurch {Rampage Will+
                  | Str-5 Dex+3}
 16626 | D:9      | Killed a two-headed ogre
 16626 | D:9      | Reached **** piety under Okawaru
 16627 | D:9      | Reached skill level 1 in Staves
 16627 | D:9      | Reached XP level 11. HP: 66/66 MP: 15/15
 16783 | D:9      | Found a white marble altar of Elyvilon.
 17102 | D:10     | Entered Level 10 of the Dungeon
 17606 | D:10     | Noticed a two-headed ogre
 17688 | D:10     | Killed a two-headed ogre
 17772 | D:10     | Reached skill level 5 in Dodging
 18207 | D:10     | Found a runed translucent gate.
 18209 | D:10     | Found a runed translucent gate.
 18209 | D:10     | Noticed thromnambular's ghost (journeyman TeWn)
 18210 | D:10     | Found a runed translucent gate.
 18210 | D:10     | Noticed a 12-headed hydra
 18210 | D:10     | Noticed a ten-headed hydra
 18297 | D:10     | Found the +4 robe of Folly {Brilliance Will-∞ Int+8}
 18857 | D:11     | Found Ugitay's General Store.
 18862 | D:11     | Bought a potion of degeneration for 16 gold pieces
 18862 | D:11     | Bought a scroll of identify for 32 gold pieces
 18862 | D:11     | Bought a scroll of identify for 32 gold pieces
 18902 | D:11     | Noticed a two-headed ogre
 18918 | D:11     | Killed a two-headed ogre
 18919 | D:11     | Reached skill level 10 in Stealth
 19030 | D:11     | Received a gift from Okawaru
 19363 | D:11     | Noticed a six-headed hydra
 19368 | D:11     | Slain by a six-headed hydra

Illustrated notes

Levels and vault maps discovered:
D:1:      amcnicky_arrival_wind_blow, layout_basic, hex_large
D:2:      layout_loops_corners, serial_shops, shop_fountains,
          chequers_ecumenical_altar_grove, grunt_ministairs_9
D:3:      lemuel_castle_with_subvaults [lemuel_castle_interior_carwin_3],
          layout_basic, serial_shops, shop_coins
D:4:      gammafunk_steamed_eel, layout_loops_ring, temple_hall,
          minmay_pentomino_pile
D:5:      layout_cave_pools, serial_shops, nicolae_shop_waterfront,
          minmay_increasing_density
D:6:      wander_river, layout_cave_pods, minmay_misc_feat_x
D:7:      layout_layer_cave, enter_bailey_5, serial_glass, glass_columns_a,
          glass_columns_b, kennysheep_nub
D:8:      layout_basic, dpeg_lair_monsters, fountainhead
D:9:      layout_loops_ring, nicolae_elyvilon_temple_path,
          minmay_fractal_squares_5
D:10:     layout_basic, gammafunk_ghost_hydra_chop
D:11:     layout_basic, serial_shops, shop
Temple:   nicolae_temple_the_god_donut

Skill      XL: |  1  2  3  4  5  6  7  8  9 10 11 |
---------------+----------------------------------+-----
Stealth        | 1 2 3 4 5 6 7 9 10 | 10.0
Dodging        | 3 4 5 |  5.8
Fighting       | 2 3 4 6 |  6.7
Throwing       | 3 4 5 6 7 8 |  8.4
Short Blades   | 1 2 4 5 6 7 |  7.6
Armour         | 1 2 3 4 |  4.7
Invocations    | 2 3 5 6 |  6.6
Shields        | 2 3 |  3.6
Evocations     | 2 4 |  4.4
Staves         | 1 3 |  3.1
Spellcasting   | |  1.1
Hexes          | |  3.0

Action                   |  1- 3 |  4- 6 |  7- 9 | 10-12 || total
-------------------------+-------+-------+-------+-------++-------
Melee: Club              |    12 |       |       |       ||    12
       Unarmed           |     1 |       |       |       ||     1
       Dagger            |   117 |   145 |   288 |   183 ||   733
       Falchion          |       |       |   171 |   105 ||   276
       Quarterstaff      |       |       |       |   105 ||   105
Throw: Boomerang         |    23 |     5 |       |     9 ||    37
       Dart              |       |    12 |    26 |    18 ||    56
       Throwing net      |       |     1 |       |       ||     1
Invok: Heroism           |       |       |     5 |     5 ||    10
Evoke: Wand              |       |       |       |     8 ||     8
  Use: Potion            |       |     3 |     3 |       ||     6
       Scroll            |       |       |       |     8 ||     8
 Stab: Sleeping          |    13 |     8 |    21 |    11 ||    53
       Distracted        |       |     1 |     1 |     1 ||     3
       Held in net/web   |       |     1 |       |       ||     1
Armor: Robe              |    14 |    10 |     4 |       ||    28
       Leather armour    |       |       |    10 |       ||    10
       Ring mail         |       |       |    88 |    77 ||   165
Dodge: Dodged            |    85 |   124 |   250 |   175 ||   634
Block: Other             |       |       |    45 |    19 ||    64
       Buckler           |       |       |   121 |   122 ||   243
       Reflection        |       |       |    41 |     2 ||    43
       Rpst.: Falchion   |       |       |    29 |    11 ||    40
